 Dungeon Crawl Stone Soup version 0.20-a0-540-ge6d1839 (webtiles) character file.

1743016 aspy the Wrestler (level 25, 237/241 (243) HPs)
             Began as a Ghoul Abyssal Knight on Jan 29, 2017.
             Was a High Priest of Lugonu.
             Escaped with the Orb
             ... and 3 runes on Jan 30, 2017!
             The game lasted 05:31:38 (58525 turns).

aspy the Wrestler (Ghoul Abyssal Knight)           Turns: 58525, Time: 05:31:38

HP:   237/241 (243) AC: 32    Str: 20    XL:     25   Next: 32%
MP:   34/34         EV: 22    Int:  9    God:    Lugonu [*****.]
Gold: 3715          SH: 19    Dex: 16    Spells: 20/24 levels left

rFire    + + +     SeeInvis +     - Unarmed
rCold    + + .     Gourm    .   N - +10 ring mail of the Hills {rElec rPois rF+++ Dex+2}
rNeg     + + +     Faith    +   U - +5 shield
rPois    ∞         Spirit   .   F - +2 helmet {SInv}
rElec    +         Reflect  .   n - +1 cloak {MR+}
rCorr    .         Harm     .   V - +2 pair of gloves
MR       ++...                  r - +2 pair of boots
Stlth    ++........             T - amulet of faith
Regen    0.5/turn               b - +3 ring of protection
                                h - ring of Jiapp {rF+ rC+ Stlth+}

@: rotting
A: rotting body, claws 1, carnivore 3, cold resistance 1, negative energy
resistance 3, slow regeneration 1, torment resistance, unbreathing
0: Orb of Zot
}: 3/15 runes: decaying, abyssal, gossamer
a: Depart the Abyss, Bend Space, Banish, Corrupt, Enter the Abyss, Renounce
Religion


You escaped.
You worshipped Lugonu.
Lugonu was extremely pleased with you.
You were not hungry.

You visited 8 branches of the dungeon, and saw 45 of its levels.
You visited the Abyss 4 times.
You also visited: Sewer and Volcano.

You collected 5024 gold pieces.
You spent 1309 gold pieces at shops.

Inventory:

Missiles
 z - 5 throwing nets (quivered)
 Q - 3 javelins
Armour
 n - a +1 cloak of magic resistance (worn)
 r - a +2 pair of boots (worn)
 F - a +2 helmet of see invisible (worn)
 N - the +10 ring mail of the Hills (worn) {rElec rPois rF+++ Dex+2}
   (You found it on level 9 of the Dungeon)

   It affects your dexterity (+2).
   It renders you almost immune to fire.
   It insulates you from electricity.
   It protects you from poison.
 U - a +5 shield (worn)
 V - a +2 pair of gloves (worn)
Jewellery
 b - a +3 ring of protection (right hand)
 f - an uncursed ring of wizardry
 h - the ring of Jiapp (left hand) {rF+ rC+ Stlth+}
   (You found it on level 3 of the Swamp)

   [ring of protection from cold]

   It protects you from fire.
   It protects you from cold.
   It makes you more stealthy.
 o - an uncursed ring of flight
 s - an uncursed ring of protection from fire {unknown}
 T - an amulet of faith (around neck)
Wands
 l - a wand of acid (8/15)
 v - a wand of digging (9/24)
 y - a wand of lightning (5/15)
 E - a wand of clouds (3/9)
Scrolls
 e - 3 scrolls of identify
 i - 10 scrolls of enchant weapon
 k - 29 scrolls of remove curse
 m - 19 scrolls of teleportation
 u - 4 scrolls of blinking
 w - 3 scrolls of vulnerability
 x - 9 scrolls of recharging
 K - 6 scrolls of fear
 P - 4 scrolls of fog
Potions
 a - 3 potions of brilliance
 d - 22 potions of curing {sewer}
 j - a potion of heal wounds {sewer}
 p - 3 potions of ambrosia
 t - 2 potions of flight {sewer}
 C - a potion of resistance
 D - a potion of invisibility
 I - 3 potions of cancellation
 J - 2 potions of magic
Comestibles
 c - 12 meat rations
 g - 21 royal jellies


   Skills:
 + Level 23.3 Fighting
 - Level 8.3 Armour
 + Level 15.6 Dodging
 - Level 9.1 Stealth
 - Level 15.0 Shields
 * Level 24.4 Unarmed Combat
 - Level 4.2 Charms
 - Level 3.0 Necromancy
 - Level 3.7 Air Magic
 - Level 16.1 Invocations


You had 20 spell levels left.
You knew the following spells:

 Your Spells              Type           Power        Failure   Level  Hunger
c - Animate Skeleton      Necr           N/A          21%         1    ##.....
m - Repel Missiles        Chrm/Air       #.....       24%         2    ###....
p - Apportation           Tloc           #.....       67%         1    ##.....


Dungeon Overview and Level Annotations

Branches:
Dungeon (15/15)            Temple (0/1) D:6            Lair (6/6) D:9
  Swamp (4/4) Lair:2       Spider (4/4) Lair:2        Slime (0/5) Lair:6
    Orc (2/2) D:10            Elf (0/3) Orc:2        Vaults (4/5) D:14
  Crypt (0/3) Vaults:3     Depths (5/5) D:15            Zot (5/5) Depths:5

Altars:
Ashenzari
Cheibriados
Dithmenos
Hepliaklqana
Makhleb
Okawaru
Qazlal
Ru
Sif Muna
Trog
Yredelemnul
The Shining One
Beogh
Jiyva

Shops:
D:5 [   D:6 =   D:7 [   D:10 %[*%[   D:14 *   Orc:2 :=*[   Vaults:3 }
Vaults:4 *   Depths:5 }(

Portals:
Hell: Depths:1 Depths:2 Depths:3 Depths:4
Abyss: Depths:2 Depths:3 Depths:4
Pandemonium: Depths:3
Ziggurat: Depths:3

Annotations:
D:1 exclusion: downstairs
D:4 exclusion: downstairs
D:9 exclusion: upstairs
D:14 corrupted, exclusion: downstairs
Lair:6 corrupted
Swamp:4 corrupted
Spider:1 corrupted
Spider:3 corrupted
Spider:4 corrupted
Vaults:1 corrupted
Vaults:4 corrupted
Depths:2 corrupted
Depths:3 corrupted, exclusions: daeva and 3 more exclusions
Depths:4 corrupted
Depths:5 corrupted, Jory
Zot:2 exclusion: 3 upstairs
Zot:4 exclusion: upstairs
Zot:5 exclusion: 3 upstairs
Abyss:1 Urug


Innate Abilities, Weirdness & Mutations

Your body is rotting away.
You thrive on raw meat.
You are immune to poison.
You have sharp fingernails.
You are carnivorous and can eat meat at any time.
Your flesh is cold resistant. (rC+)
You are immune to negative energy. (rN+++)
You regenerate slowly when monsters are visible.
You are immune to unholy pain and torment.
You can survive without breathing.


Message History

The ynoxinul is severely wounded.
You closely miss the ynoxinul.
The ynoxinul is severely wounded.
You block the ynoxinul's attack.
You punch the ynoxinul!
You kill the ynoxinul!
Lugonu accepts your kill.
(D) Dungeon (T) Temple (L) Lair (S) Swamp (N) Spider Nest (M) Slime Pits (O) Orcish Mines (E) Elven Halls (V) Vaults (C) Crypt (U) Depths (H) Hell (Z) Zot
Where to? (Enter - D:2 @ (x,y), ? - help)
There is a stone staircase leading up here.
You see here a potion of mutation.
You climb upwards.
Level annotation: exclusion: downstairs
There is a stone staircase leading down here.
You see here a dagger.
There is a staircase leading out of the dungeon here.
You have escaped!

......##########.##########.#
.#....#..#.............#..#.#
......#.#...............#.#.#
......##.......#.#.[.....##.#
......#......#.#.#.#......#.#
....>.#.....##.#.#.##.....#.#
.#.#..#.......⌠#.#⌠.......#.#
.#.#..#..#######.#######..#.#
.......)........@...........#
...#..#..#######)#######..###
.#.#..#.......⌠#.#⌠.......#
####..#.....##.#.#.##.....#
......#......#.#.#.#......#
#####.##......[#.#.......##
#.#.#...............#.#
#.#..#.............#..#
#.##########.##########


There were no monsters in sight!

Vanquished Creatures
  Mara (Spider:4)
  3 orbs of fire (Zot:5)
  7 ancient liches (Zot:5)
  A juggernaut (Depths:3)
  Bai Suzhen (Vaults:2)
  Margery (Depths:4)
  A curse toe (Zot:5)
  Xtahua (Vaults:2)
  A Killer Klown (Zot:5)
  2 bone dragons
  7 golden dragons
  Nikola (Vaults:1)
  4 liches
  3 electric golems
  A titan (Depths:2)
  6 tentacled monstrosities
  22 Orb Guardians (Zot:5)
  An Executioner (Abyss:1)
  2 sphinxes
  An ancient champion (Vaults:3)
  A tengu reaver (Depths:4)
  Frances (D:12)
  2 thorn hunters
  A tentacled starspawn (Abyss:4)
  Kirke (Spider:1)
  8 storm dragons
  4 shadow dragons
  2 draconian monks (Zot:5)
  The ghost of Sagrath01 the Thaumaturge, an adept HEAE of Hepliaklqana (Spider:4)
  5 fire giants
  2 draconian scorchers
  10 frost giants
  4 draconian knights
  Aizul (Depths:3)
  An angel (Abyss:1)
  3 vault wardens
  8 ironheart preservers
  5 ghost moths
  2 emperor scorpions
  A draconian stormcaller (Zot:5)
  A ghoul (Vaults:3)
  3 draconian annihilators
  6 very ugly things
  A spriggan defender (Depths:5)
  4 entropy weavers
  A vampire knight (Depths:3)
  14 stone giants
  4 purple draconians
  A deep elf demonologist (Vaults:4)
  4 green draconians
  A deep elf annihilator (Vaults:4)
  4 yellow draconians
  3 red draconians
  A white draconian (Zot:4)
  7 spark wasps
  7 ettins
  11 fire dragons
  A deep elf death mage (Vaults:3)
  15 yaktaur captains
  A deep elf high priest (Depths:5)
  5 jiangshi
  A merfolk impaler (Depths:2)
  11 ogre magi
  5 great orbs of eyes
  Erolcha (D:12)
  2 vault guards (Vaults:3)
  9 ice dragons
  5 rakshasas
  A ghost crab (Swamp:2)
  9 hydras
  3 alligators
  3 merfolk avatars (Swamp:3)
  7 spriggan air magi
  14 centaur warriors
  Erica (D:8)
  5 death knights
  32 two-headed ogres
  6 tengu warriors
  3 catoblepae (Lair:6)
  10 deep troll shamans
  10 death yaks (Lair:6)
  9 deep troll earth magi
  3 vampire magi
  A spriggan berserker (Depths:2)
  3 thrashing horrors
  A soul eater (D:12)
  Nergalle (Orc:1)
  A sun demon (Abyss:1)
  3 hell knights (Depths:4)
  7 deep elf knights
  3 shadow wraiths
  7 skeletal warriors
  4 wretched stars
  2 unseen horrors (D:13)
  6 glowing orange brains
  3 spriggan druids (Swamp:3)
  17 deep trolls
  5 flayed ghosts
  2 spatial maelstroms
  An iron troll (Depths:1)
  A deep troll (shapeshifter) (Depths:3)
  5 swamp dragons
  A swamp dragon (shapeshifter) (Depths:2)
  2 obsidian statues (Zot:5)
  8 wizards
  A lindwurm (Volcano)
  4 harpies (Vaults:1)
  A harpy (shapeshifter) (Vaults:4)
  2 deep elf archers
  7 ironbrand convokers
  15 orb spiders
  4 necromancers
  An oklob plant (Lair:1)
  5 orc knights
  15 deep elf magi
  The ghost of anet the Infuser, a novice DEWz of Ashenzari (D:8)
  49 ugly things
  A wolf spider (shapeshifter) (Depths:3)
  3 phantasmal warriors
  8 cyclopes
  An orc sorcerer (Orc:1)
  4 elephants (Lair:5)
  28 wolf spiders
  4 worldbinders
  7 moths of wrath
  4 manticores
  5 centaur zombies
  A rust devil (Depths:4)
  8 vault sentinels
  A black mamba (shapeshifter) (Vaults:1)
  4 black mambas
  A manticore (shapeshifter) (Depths:3)
  Joseph (Lair:1)
  A torpor snail (Lair:3)
  An apocalypse crab (Abyss:4)
  2 gargoyles (D:13)
  A storm dragon simulacrum (Depths:3)
  A smoke demon (Abyss:1)
  13 spiny frogs
  A hellion (Abyss:3)
  A rime drake (shapeshifter) (Vaults:4)
  41 yaktaurs
  An elf skeleton (Depths:3)
  9 freezing wraiths
  A yaktaur (shapeshifter) (Depths:3)
  2 kobold demonologists
  A rime drake (Lair:3)
  5 komodo dragons
  10 trolls
  15 demonic crawlers
  A meliai (Spider:1)
  6 tengu conjurers
  4 ancient zymes
  23 jumping spiders
  Prince Ribbit (Abyss:1)
  3 polar bears
  8 blink frogs
  13 raiju
  50 slime creatures
  4 tyrant leeches
  12 hornets
  11 bog bodies
  A meliai zombie (D:12)
  An iron dragon simulacrum (Depths:3)
  11 hippogriffs
  11 spriggans
  Sigmund (D:2)
  18 tarantellas
  A shadow (Swamp:1)
  7 air elementals
  4 flying skulls (Abyss:1)
  A spriggan simulacrum (Depths:3)
  4 water elementals
  A vampire (D:11)
  62 redbacks
  2 wraiths
  4 wyverns
  Eustachio (D:4)
  40 yaks
  3 ynoxinuls
  A hog (shapeshifter) (Vaults:2)
  8 basilisks
  A chaos spawn (Abyss:4)
  3 hungry ghosts
  Grum (D:11)
  10 large abominations
  2 neqoxecs (Abyss:1)
  5 wargs
  Menkaure (D:5)
  A soldier ant (shapeshifter) (Depths:3)
  20 vampire mosquitoes
  Edmund (Abyss:1)
  2 steam dragons (Volcano)
  4 insubstantial wisps (Swamp:2)
  5 acid dragons
  12 water moccasins
  5 hell hounds (Volcano)
  14 swamp worms
  7 porcupines
  A water moccasin (shapeshifter) (Vaults:2)
  A human skeleton (Depths:3)
  53 orc warriors
  5 ice beasts
  5 swamp drakes
  A phantom (D:7)
  2 sky beasts (D:12)
  26 ogres
  2 black bears
  15 starcursed masses
  12 boggarts
  2 necrophages
  33 centaurs
  11 wolves
  12 crocodiles
  Blork the orc (D:4)
  An elf zombie (Abyss:1)
  5 big kobolds
  13 bullfrogs
  5 small abominations
  A water moccasin zombie (D:8)
  A wyvern skeleton (D:12)
  A water moccasin skeleton (D:4)
  5 scorpions
  14 killer bees
  A killer bee (shapeshifter) (Depths:3)
  A howler monkey (D:4)
  2 electric eels
  9 crimson imps
  3 quasits
  21 orc priests
  2 bullfrog zombies
  A gnoll shaman (D:6)
  4 bullfrog skeletons
  8 hounds
  2 jellies
  16 orc wizards
  An iron imp (D:6)
  8 centaur skeletons
  6 iguanas
  13 worker ants
  A hound zombie (D:6)
  2 hound skeletons
  4 worker ant zombies
  Robin (D:3)
  17 adders
  11 gnolls
  8 shadow imps
  5 white imps
  7 worms
  3 dart slugs
  An adder simulacrum (D:8)
  7 leopard geckos
  115 orcs
  4 ball pythons
  6 giant cockroaches
  16 goblins
  10 hobgoblins
  16 jackals
  3 quokkas
  13 bats
  3 frilled lizards
  A giant cockroach zombie (D:5)
  21 kobolds
  A leopard gecko skeleton (D:8)
  13 rats
  A lurking horror (Abyss:4)
  2 plants
1781 creatures vanquished.

Vanquished Creatures (collateral kills)
  A thorn hunter (Swamp:4)
  A skeletal warrior (Vaults:1)
  2 spiny frogs (Swamp:4)
  2 blink frogs (Swamp:4)
  A vampire mosquito (Swamp:4)
7 creatures vanquished.

Vanquished Creatures (others)
  A golden dragon (Depths:2)
  A lich (Depths:4)
  A titan (Depths:2)
  A death cob (Zot:4)
  2 sphinxes
  A draconian knight (Zot:5)
  A ghost moth (Spider:4)
  An orc warlord (Orc:2)
  4 frost giants
  A fire giant (Depths:2)
  A draconian shifter (Zot:5)
  A draconian scorcher (Depths:5)
  3 emperor scorpions
  A juggernaut zombie (Depths:3)
  A very ugly thing (Depths:4)
  3 ironheart preservers
  6 stone giants
  2 entropy weavers
  A deep elf demonologist (Depths:4)
  A yellow draconian (Depths:5)
  4 spark wasps
  4 ettins
  4 fire dragons
  The ghost of HEYYEYAAE the Basher, a journeyman TrBe of Trog (D:10)
  A deep elf high priest (Depths:4)
  An ice dragon (Depths:2)
  3 yaktaur captains
  18 hydras
  A hell beast (Depths:1)
  7 two-headed ogres
  2 ogre magi
  3 tengu warriors
  A death knight (Vaults:1)
  2 death yaks (Lair:6)
  4 deep troll earth magi
  A thrashing horror (Abyss:4)
  A vampire mage (Depths:3)
  A deep elf knight (Vaults:4)
  A skeletal warrior (Vaults:1)
  5 hell knights (Depths:4)
  An unseen horror (Vaults:1)
  5 swamp dragons (Swamp:4)
  The ghost of Kenran the Chopper, a novice DDCK of Makhleb (D:5)
  2 deep elf archers (Vaults:4)
  2 shambling mangroves (Swamp:4)
  A necromancer (Depths:2)
  11 orb spiders
  3 ironbrand convokers
  2 orc sorcerers (Orc:1)
  3 orc knights
  8 wolf spiders
  A manticore (Lair:6)
  6 deep elf magi
  A cyclops (D:14)
  An elephant (Lair:5)
  A moth of wrath (Spider:4)
  A black mamba (shapeshifter) (Depths:2)
  A vault sentinel (Vaults:4)
  A torpor snail (shapeshifter) (Vaults:1)
  A torpor snail (Spider:1)
  A storm dragon simulacrum (Depths:3)
  2 spiny frogs
  3 komodo dragons
  A yaktaur (Vaults:1)
  A troll (Vaults:1)
  3 demonic crawlers
  12 jumping spiders
  A tyrant leech (Lair:2)
  A queen bee (Spider:1)
  5 meliai
  A meliai (shapeshifter) (Depths:4)
  13 hornets
  9 slime creatures
  2 blink frogs (Swamp:4)
  A spriggan (Swamp:2)
  An air elemental (Depths:3)
  9 redbacks
  8 tarantellas
  2 yaks (Lair:6)
  5 humans (Spider:1)
  2 swamp worms (Swamp:4)
  A floating eye (Depths:4)
  6 orc warriors
  6 swamp drakes (Swamp:4)
  2 ogres (Vaults:1)
  A crocodile (shapeshifter) (Vaults:4)
  2 big kobolds (D:14)
  20 killer bees (Spider:1)
  2 electric eels
  An orc priest (D:14)
  A gnoll (D:6)
  3 orcs
  3 briar patches (Abyss:4)
  9 fungi
  13 plants
  40 starspawn tentacles
345 creatures vanquished.

Grand Total: 2133 creatures vanquished

Notes
Turn   | Place    | Note
-------+----------+-------------------------------------------
     0 | Abyss:1  | aspy the Ghoul Abyssal Knight began the quest for the Orb.
     0 | Abyss:1  | Reached XP level 1. HP: 19/19 MP: 1/1
    30 | Abyss:1  | Found an iron altar of Okawaru.
    37 | Abyss:1  | Noticed a large abomination
    41 | Abyss:1  | Noticed a chaos spawn
    43 | D:1      | Escaped the Abyss
   289 | D:1      | Reached XP level 2. HP: 16/26 MP: 2/2
   563 | D:1      | Reached skill level 3 in Unarmed Combat
   872 | D:2      | Reached ** piety under Lugonu
   872 | D:2      | Reached XP level 3. HP: 25/33 MP: 3/3
   985 | D:2      | Noticed Sigmund
  1301 | D:2      | Found an iron altar of Okawaru.
  1404 | D:2      | Killed Sigmund
  1404 | D:2      | Reached skill level 5 in Unarmed Combat
  1404 | D:2      | Reached XP level 4. HP: 35/41 MP: 4/4
  1404 | D:2      | Reached XP level 5. HP: 40/47 MP: 5/5
  1710 | D:2      | Reached XP level 6. HP: 55/55 MP: 6/6
  1823 | D:2      | Found a glowing golden altar of the Shining One.
  1904 | D:2      | Found a snail-covered altar of Cheibriados.
  2120 | D:3      | Reached skill level 5 in Fighting
  2204 | D:3      | Noticed Robin
  2282 | D:3      | Reached *** piety under Lugonu
  2323 | D:3      | Killed Robin
  2540 | D:3      | Found a glowing drain.
  2587 | Sewer    | Entered a sewer
  2734 | Sewer    | Found a glowing silver altar of Zin.
  2916 | D:3      | Reached XP level 7. HP: 56/61 MP: 8/8
  3329 | D:4      | Found a shattered altar of Ashenzari.
  3363 | D:4      | Reached skill level 6 in Unarmed Combat
  3926 | D:4      | Reached **** piety under Lugonu
  4348 | D:4      | Noticed Blork the orc
  4366 | D:4      | Killed Blork the orc
  4366 | D:4      | Reached skill level 5 in Invocations
  4640 | D:4      | Reached XP level 8. HP: 61/70 MP: 9/11
  4779 | D:5      | Entered Level 5 of the Dungeon
  4779 | D:5      | Noticed Edmund
  4779 | D:5      | Noticed Eustachio
  4795 | D:4      | Killed Eustachio
  4844 | D:5      | Reached skill level 7 in Unarmed Combat
  5049 | D:5      | Noticed Kenran's ghost (novice DDCK)
  5063 | D:5      | Banished Kenran's ghost
  5167 | D:5      | Banished Edmund
  5267 | D:5      | Noticed Menkaure
  5280 | D:5      | Killed Menkaure
  5280 | D:5      | Reached XP level 9. HP: 77/77 MP: 12/14
  5320 | D:5      | Noticed a moth of wrath
  5413 | D:5      | Found a bloodstained altar of Trog.
  5513 | D:5      | Found Mabityil's Armour Shoppe.
  5520 | D:5      | Bought a +0 cloak for 49 gold pieces
  5520 | D:5      | Bought a +0 helmet of see invisible for 126 gold pieces
  6108 | D:6      | Found a sacrificial altar of Ru.
  6187 | D:6      | Found Qanoenk's Jewellery Emporium.
  6243 | D:6      | Reached skill level 1 in Dodging
  6256 | D:6      | Reached skill level 8 in Unarmed Combat
  6317 | D:6      | Found a staircase to the Ecumenical Temple.
  6364 | D:6      | Noticed Prince Ribbit
  6374 | D:6      | Banished Prince Ribbit
  6489 | D:6      | Found a deep blue altar of Sif Muna.
  6539 | D:6      | Found a deep blue altar of Sif Muna.
  6554 | D:6      | Found a burning altar of Makhleb.
  6867 | D:7      | Found Tibueq's Antique Armour Boutique.
  6997 | D:7      | Reached skill level 9 in Unarmed Combat
  7044 | D:7      | Reached XP level 10. HP: 80/88 MP: 16/16
  7191 | D:7      | Found a shadowy altar of Dithmenos.
  7509 | D:7      | Reached skill level 10 in Unarmed Combat
  7576 | D:7      | Bought a scorched ring mail for 180 gold pieces
  7586 | D:7      | Identified the cursed +1 ring mail "Ugrueck" {rElec rF- Regen+ Dex+4} (You bought it in a shop on level 7 of the Dungeon)
  7712 | D:8      | Noticed anet's ghost (novice DEWz)
  7813 | D:8      | Found a hazy altar of Hepliaklqana.
  7996 | D:8      | Killed anet's ghost
  7996 | D:8      | Reached skill level 10 in Invocations
  8156 | D:8      | Noticed Erica
  8168 | D:8      | Killed Erica
  8235 | D:8      | Reached ***** piety under Lugonu
  8463 | D:9      | Identified the Disquisition on Mutagenic Envenoming
  8467 | D:9      | Learned a level 1 spell: Animate Skeleton
  8469 | D:9      | Learned a level 1 spell: Apportation
  8515 | D:9      | Found a stormy altar of Qazlal.
  8584 | D:9      | Found a staircase to the Lair.
  8708 | D:9      | Found a basalt altar of Yredelemnul.
  8797 | D:9      | Got a faintly glowing ring mail
  8813 | D:9      | Identified the +10 ring mail of the Hills {rElec rPois rF+++ Dex+2} (You found it on level 9 of the Dungeon)
  8875 | D:9      | Noticed a two-headed ogre
  8876 | D:9      | Banished a two-headed ogre
  8876 | D:9      | Reached XP level 11. HP: 67/99 MP: 18/18
  9014 | D:9      | Reached skill level 1 in Stealth
  9173 | D:10     | Entered Level 10 of the Dungeon
  9372 | D:10     | Found Boninnir's Food Shoppe.
  9388 | D:10     | Found Ippao's Armour Emporium.
  9411 | D:10     | Reached skill level 10 in Fighting
  9466 | D:10     | Noticed HEYYEYAAE's ghost (journeyman TrBe)
  9467 | D:10     | Banished HEYYEYAAE's ghost
  9515 | D:10     | Found Ycruasathri's Assorted Antiques.
  9533 | D:10     | Found Bakh's Armour Shop.
  9550 | D:10     | Noticed a two-headed ogre
  9552 | D:10     | Banished a two-headed ogre
  9581 | D:10     | Found Cuaseon's Food Shoppe.
 10135 | D:10     | Found a staircase to the Orcish Mines.
 10258 | Lair:1   | Entered Level 1 of the Lair of Beasts
 10266 | Lair:1   | Reached skill level 11 in Unarmed Combat
 10289 | Lair:1   | Learned a level 2 spell: Repel Missiles
 10646 | Lair:1   | Reached skill level 1 in Necromancy
 10717 | Lair:1   | Found a shadowy altar of Dithmenos.
 10871 | Lair:1   | Noticed Joseph
 10888 | Lair:1   | Killed Joseph
 10973 | Lair:1   | Noticed an oklob plant
 11689 | Lair:1   | Killed an oklob plant
 11912 | Lair:1   | Noticed a five-headed hydra
 11927 | Lair:1   | Reached XP level 12. HP: 107/110 MP: 19/19
 11943 | Lair:1   | Banished a five-headed hydra
 12312 | Lair:2   | Reached skill level 1 in Air Magic
 12331 | Lair:2   | Reached skill level 1 in Charms
 12370 | Lair:2   | Reached skill level 12 in Unarmed Combat
 12567 | Lair:2   | Got a crude pewter ring
 12646 | Lair:2   | Found a hole to the Spider Nest.
 12826 | Lair:2   | Identified the ring "Asewk" {*Contam +Inv rF++ Str-4 Stlth-} (You found it on level 2 of the Lair of Beasts)
 13180 | Lair:2   | Found a staircase to the Swamp.
 13449 | Lair:3   | Found a dark tunnel.
 13471 | Volcano  | Entered a volcano
 13482 | Volcano  | Got a polished helmet
 13543 | Volcano  | Noticed a fire dragon
 13547 | Volcano  | Banished a fire dragon
 13614 | Lair:3   | Identified the +2 helmet of Optimism {rPois} (You found it in a volcano)
 14341 | Lair:3   | Reached skill level 13 in Unarmed Combat
 14598 | Lair:4   | Noticed Urug
 14600 | Lair:4   | Banished Urug
 15313 | Lair:4   | Reached XP level 13. HP: 117/117 MP: 20/20
 16227 | Lair:5   | Reached skill level 5 in Dodging
 16593 | Lair:5   | Reached skill level 14 in Unarmed Combat
 16845 | Lair:6   | Entered Level 6 of the Lair of Beasts
 17003 | Lair:6   | Corrupted Lair:6
 17003 | Lair:6   | Noticed a starcursed mass
 17003 | Lair:6   | Noticed a tentacled starspawn
 17003 | Lair:6   | Noticed an Executioner
 17003 | Lair:6   | Noticed a tentacled starspawn
 17005 | Lair:6   | Noticed a green death
 17006 | Lair:6   | Noticed a starcursed mass
 17006 | Lair:6   | Noticed an ironheart preserver
 17015 | Lair:6   | Noticed a starcursed mass
 17940 | Lair:6   | Found a staircase to the Slime Pits.
 17941 | Lair:6   | Found a viscous altar of Jiyva.
 17976 | Lair:6   | Reached skill level 15 in Unarmed Combat
 18283 | Lair:6   | Reached XP level 14. HP: 124/129 MP: 21/21
 19103 | D:6      | Bought an uncursed amulet of faith for 560 gold pieces
 19189 | Orc:1    | Entered Level 1 of the Orcish Mines
 19647 | Orc:1    | Noticed Nergalle
 19650 | Orc:1    | Killed Nergalle
 19898 | Orc:2    | Entered Level 2 of the Orcish Mines
 20035 | D:10     | Bought a +2 helmet of see invisible for 322 gold pieces
 20060 | D:10     | Bought a scroll of identify for 72 gold pieces
 20060 | D:10     | Identified a scroll of acquirement
 20282 | Orc:2    | Noticed an orc warlord
 20312 | Orc:2    | Banished an orc warlord
 20586 | Orc:2    | Found a staircase to the Elven Halls.
 20679 | Orc:2    | Reached skill level 16 in Unarmed Combat
 20819 | Orc:2    | Reached skill level 5 in Armour
 21103 | Orc:2    | Found Xioghali's Jewellery Shoppe.
 21103 | Orc:2    | Found Pusemnig's Assorted Antiques.
 21105 | Orc:2    | Found Sataz's Armour Shop.
 21107 | Orc:2    | Found Ybboup's Book Emporium.
 21700 | D:11     | Noticed Grum
 21711 | D:11     | Killed Grum
 21940 | D:11     | Reached ****** piety under Lugonu
 22036 | D:12     | Found a basalt altar of Yredelemnul.
 22092 | D:12     | Got a fine ring mail
 22103 | D:12     | Identified the +8 ring mail of Spin the Turtle {rC+} (You found it on level 12 of the Dungeon)
 22125 | D:12     | Noticed Frances
 22172 | D:12     | Got an encrusted cloak
 22183 | D:12     | Identified the +1 cloak of Doiduph {*Corrode +Inv rN+ MR++} (You found it on level 12 of the Dungeon)
 22233 | D:12     | You fall through a shaft!
 22399 | D:13     | Reached skill level 1 in Shields
 22709 | D:13     | Reached XP level 15. HP: 139/139 MP: 22/22
 23257 | D:12     | Reached skill level 15 in Fighting
 23474 | D:12     | Noticed Erolcha
 23488 | D:12     | Killed Erolcha
 23600 | D:12     | Found a roughly hewn altar of Beogh.
 24608 | D:14     | Corrupted D:14
 24608 | D:14     | Noticed a revenant
 24861 | D:14     | Found a gate to the Vaults.
 25668 | D:14     | Found Zotwi's Changing Room.
 25800 | D:15     | Entered Level 15 of the Dungeon
 25802 | D:15     | Noticed a fire giant
 25815 | D:14     | Reached skill level 17 in Unarmed Combat
 26522 | D:15     | Found a staircase to the Depths.
 26538 | D:15     | Killed a fire giant
 27389 | Swamp:1  | Entered Level 1 of the Swamp
 27477 | Swamp:1  | Reached XP level 16. HP: 114/151 MP: 24/24
 29479 | Swamp:3  | Reached skill level 18 in Unarmed Combat
 29795 | Swamp:3  | Noticed a thorn hunter
 29806 | Swamp:3  | Killed a thorn hunter
 29946 | Swamp:3  | Got a brightly glowing marble ring
 30468 | Swamp:4  | Entered Level 4 of the Swamp
 30677 | Swamp:4  | Noticed a thorn hunter
 30690 | Swamp:4  | Killed a thorn hunter
 30811 | Swamp:4  | Corrupted Swamp:4
 30811 | Swamp:4  | Noticed a tentacled starspawn
 30813 | Swamp:4  | Noticed a tentacled starspawn
 30814 | Swamp:4  | Noticed a tentacled starspawn
 30828 | Swamp:4  | Noticed a tentacled starspawn
 30944 | Swamp:4  | Identified the ring of Jiapp {rF+ rC+ Stlth+} (You found it on level 3 of the Swamp)
 31004 | Swamp:4  | Got a decaying rune of Zot
 31355 | Spider:1 | Entered Level 1 of the Spider Nest
 31355 | Spider:1 | Noticed Kirke
 31388 | Spider:1 | Killed Kirke
 31595 | Spider:1 | Corrupted Spider:1
 31595 | Spider:1 | Noticed a profane servitor
 31595 | Spider:1 | Noticed a lich
 32230 | Spider:2 | Reached XP level 17. HP: 161/161 MP: 25/25
 33167 | Spider:3 | Reached skill level 19 in Unarmed Combat
 33423 | Spider:3 | Corrupted Spider:3
 33760 | Spider:4 | Entered Level 4 of the Spider Nest
 33929 | Spider:4 | Noticed Mara
 33954 | Spider:4 | Noticed aspy's illusion
 33962 | Spider:4 | Killed Mara
 34111 | Spider:4 | Noticed Sagrath01's ghost (adept HEAE)
 34158 | Spider:4 | Killed Sagrath01's ghost
 34862 | Spider:4 | Reached skill level 10 in Dodging
 35062 | Spider:4 | Reached XP level 18. HP: 173/173 MP: 27/27
 35293 | Spider:4 | Corrupted Spider:4
 35457 | Spider:4 | Got a gossamer rune of Zot
 35580 | Lair:1   | Reached skill level 20 in Unarmed Combat
 35761 | D:12     | Killed Frances
 35888 | Vaults:1 | Entered Level 1 of the Vaults
 36131 | Vaults:1 | Noticed Nikola
 36145 | Vaults:1 | Killed Nikola
 36242 | Vaults:1 | Reached skill level 5 in Stealth
 36243 | Vaults:1 | Corrupted Vaults:1
 36243 | Vaults:1 | Noticed a bone dragon
 36244 | Vaults:1 | Noticed a bone dragon
 37144 | D:14     | Reached skill level 5 in Shields
 37853 | Vaults:2 | Noticed Xtahua
 37896 | Vaults:2 | Killed Xtahua
 38113 | Vaults:2 | Noticed Bai Suzhen
 38147 | Vaults:2 | Reached XP level 19. HP: 114/183 MP: 28/28
 38169 | Vaults:2 | Killed Bai Suzhen
 40061 | Vaults:3 | Reached skill level 10 in Shields
 40081 | Vaults:3 | Found a staircase to the Crypt.
 40488 | Vaults:3 | Noticed a lich
 40502 | Vaults:3 | Paralysed by a lich for 5 turns
 40510 | Vaults:3 | Paralysed by a lich for 4 turns
 40516 | Vaults:3 | Killed a lich
 40676 | Vaults:3 | Found Cavvufal's Gadget Emporium.
 41335 | Vaults:3 | Reached XP level 20. HP: 101/193 MP: 29/29
 42170 | Vaults:4 | Found Daesap's Assorted Antiques.
 42565 | Vaults:4 | Corrupted Vaults:4
 43515 | Depths:1 | Entered Level 1 of the Depths
 45074 | Depths:1 | Found a gateway to Hell.
 45148 | Depths:1 | Found a shattered altar of Ashenzari.
 45788 | Depths:2 | Reached XP level 21. HP: 183/202 MP: 22/30
 45939 | Depths:2 | Corrupted Depths:2
 45946 | Depths:2 | Killed a golden dragon
 46372 | Depths:2 | Found a one-way gate to the infinite horrors of the Abyss.
 46873 | Depths:2 | Voluntarily entered the Abyss.
 46925 | Abyss:1  | Reached skill level 15 in Shields
 47416 | Abyss:2  | Found a corrupted altar of Lugonu.
 47641 | Depths:2 | Escaped the Abyss
 47772 | Depths:2 | Voluntarily entered the Abyss.
 47775 | Abyss:1  | Found a corrupted altar of Lugonu.
 47798 | Abyss:1  | Killed Edmund
 47893 | Abyss:1  | Noticed a bone dragon
 47918 | Abyss:1  | Killed a bone dragon
 47918 | Abyss:1  | Reached skill level 21 in Unarmed Combat
 47972 | Abyss:1  | Killed Prince Ribbit
 48067 | Abyss:1  | Noticed a bone dragon
 48077 | Depths:2 | Escaped the Abyss
 48174 | Depths:2 | Voluntarily entered the Abyss.
 48363 | Abyss:3  | Found a viscous altar of Jiyva.
 48427 | Abyss:4  | Found a corrupted altar of Lugonu.
 48476 | Abyss:4  | Noticed a bone dragon
 48504 | Abyss:4  | Killed a bone dragon
 48753 | Abyss:4  | Got an abyssal rune of Zot
 48754 | Depths:2 | Escaped the Abyss
 49374 | Depths:3 | Noticed Aizul
 49399 | Depths:3 | Killed Aizul
 49581 | Depths:3 | Noticed a golden dragon
 49581 | Depths:3 | Noticed a juggernaut
 49604 | Depths:3 | Killed a juggernaut
 49604 | Depths:3 | Reached XP level 22. HP: 114/213 MP: 31/31
 49614 | Depths:3 | Noticed a golden dragon
 49615 | Depths:3 | Noticed a golden dragon
 49615 | Depths:3 | Corrupted Depths:3
 49623 | Depths:3 | Noticed a golden dragon
 49828 | Depths:2 | Killed a golden dragon
 50184 | Depths:2 | Killed a golden dragon
 50298 | Depths:2 | Killed a golden dragon
 50472 | Depths:2 | Killed a golden dragon
 50986 | Depths:3 | Found a gateway to a ziggurat.
 51134 | Depths:3 | Found a one-way gate leading to the halls of Pandemonium.
 52115 | Depths:3 | Paralysed by a great orb of eyes for 5 turns
 52302 | Depths:4 | Noticed Margery
 52333 | Depths:4 | Killed Margery
 52902 | Depths:4 | Corrupted Depths:4
 52902 | Depths:4 | Paralysed by a floating eye for 2 turns
 53261 | Depths:4 | Noticed a caustic shrike
 53332 | Depths:4 | Banished a caustic shrike
 53332 | Depths:4 | Reached skill level 15 in Invocations
 53332 | Depths:4 | Reached XP level 23. HP: 151/222 MP: 24/33
 53732 | Depths:5 | Entered Level 5 of the Depths
 53981 | Depths:5 | Reached skill level 22 in Unarmed Combat
 54082 | Depths:5 | Found a gate to the Realm of Zot.
 54110 | Depths:5 | Noticed Jory
 54113 | Depths:5 | Corrupted Depths:5
 54533 | Depths:5 | Found Toeteriy's Gadget Shoppe.
 54534 | Depths:5 | Found Wuogi's Weapon Emporium.
 54577 | Zot:1    | Entered Level 1 of the Realm of Zot
 55027 | Zot:5    | Entered Level 5 of the Realm of Zot
 55027 | Zot:5    | Noticed a golden dragon
 55267 | Zot:5    | Killed a golden dragon
 56060 | Zot:5    | Noticed a Killer Klown
 56102 | Zot:5    | Killed a Killer Klown
 56374 | Zot:5    | Reached XP level 24. HP: 197/233 MP: 34/34
 56527 | Zot:5    | Noticed an ancient lich
 56540 | Zot:5    | Killed an ancient lich
 56766 | Zot:5    | Noticed a curse toe
 56779 | Zot:5    | Noticed an ancient lich
 56819 | Zot:5    | Killed an ancient lich
 56819 | Zot:5    | Reached skill level 23 in Unarmed Combat
 56885 | Zot:5    | Noticed an ancient lich
 56912 | Zot:5    | Killed an ancient lich
 56958 | Zot:5    | Noticed an ancient lich
 57001 | Zot:5    | Killed an ancient lich
 57035 | Zot:5    | Noticed an ancient lich
 57055 | Zot:5    | Killed an ancient lich
 57076 | Zot:5    | Killed a curse toe
 57076 | Zot:5    | Reached skill level 15 in Dodging
 57378 | Zot:5    | Noticed an ancient lich
 57391 | Zot:5    | Killed an ancient lich
 57394 | Zot:5    | Noticed an ancient lich
 57414 | Zot:5    | Killed an ancient lich
 57447 | Zot:5    | Noticed an orb of fire
 57462 | Zot:5    | Noticed an orb of fire
 57481 | Zot:5    | Killed an orb of fire
 57606 | Zot:5    | Noticed an orb of fire
 57622 | Zot:5    | Killed an orb of fire
 57622 | Zot:5    | Reached XP level 25. HP: 216/243 MP: 34/34
 57642 | Zot:5    | Reached skill level 24 in Unarmed Combat
 57678 | Zot:5    | Noticed an orb of fire
 57694 | Zot:5    | Killed an orb of fire
 57939 | Zot:5    | Got the Orb of Zot
 58025 | Zot:3    | Noticed Eddeatz the pandemonium lord
 58171 | Depths:1 | Noticed Awonauheoh the pandemonium lord
 58445 | D:5      | Noticed a seraph
 58525 | D:$      | Escaped with the Orb!

Vault maps used:
D:1:      matt_arrival_grand_opening
D:2:      lemuel_coloured_pillars_altar, nicolae_overflow_crystal_walls,
          okawaru_ov_weapons_minmay, uniq_sigmund
D:3:      gup_sewer_entry_glass, st_stairs_11, grunt_decor_one_mirror,
          solitary_fountain, nrook_mini_vaults, corexii_shack, uniq_robin
D:4:      overflow_temple_1_default, serial_co_window_serial, co_window_paths_b,
          co_window_paths_a, co_window_of_opportunity_a, co_window_paths_a,
          co_window_paths_b, co_window_unsneaky_path_e, co_window_broadway_c,
          co_window_cross_3, co_window_corner_b, co_window_unsneaky_path_a,
          co_window_unsneaky_path_c, co_window_4corner_b, glass_columns_a,
          glass_columns_a, glass_columns_b, glass_columns_a, glass_columns_a,
          first_bread, uniq_blork_the_orc
D:5:      serial_shops, kennysheep_little_box, minmay_misc_feat_room,
          serial_bayou_ford_a, tgw_trog, uniq_menkaure, uniq_edmund,
          uniq_eustachio
D:6:      kennysheep_mini_moat, makhleb_grotto_becter, lemuel_crystal_altar,
          temple_green, serial_shops, shop, tgw_sif, uniq_prince_ribbit1
D:7:      grunt_dithmenos_shadows, serial_shops, nicolae_shop_trees, the_bakery,
          minivault_22
D:8:      nicolae_overflow_hidden_temple, serial_ice, serial_ice_n,
          serial_ice_b, serial_ice_l, serial_ice_a, uniq_erica
D:9:      lemuel_doored_altar, lemuel_crystal_altar, lair_entry_dummy
D:10:     hiddenorc1_lemuel, serial_shops, nicolae_shop_trees, shop, shop, shop,
          shop
D:11:     uniq_grum
D:12:     basic_altar, uniq_erolcha, uniq_frances
D:13:     special_room, grunt_ministairs_12, grunt_potential
D:14:     hangedman_vaults_entry_quadrant_bands, minmay_misc_feat_enclosed,
          nicolae_transmutations_shop
D:15:     grunt_enter_depths_giant_problem, minmay_misc_feat_more_columns
Lair:1:   lemuel_centaur_altar, minmay_lair_oklob_chamber,
          infiniplex_staircase_pool, lemuel_fruit_tree, uniq_joseph
Lair:2:   minmay_swamp_entry_worms, spider_nest_entry_webs, lemuel_fruit_fields
Lair:3:   nicolae_volcano_entry_hallway
Lair:4:   serial_bayou_shore_a, grunt_megastairs_3, uniq_urug
Lair:5:   kennysheep_catoblepas_arena, grunt_megastairs_4
Lair:6:   evilmike_catoblepas_cave, slime_altar_1, kennysheep_basilisk_garden
Swamp:1:  evilmike_swamp_ruin_house_2
Swamp:2:  evilmike_swamp_ruin_rubble_1, swamp_pool2
Swamp:3:  evilmike_swamp_ruin_house_5, swamp_pool1, grunt_lady_of_the_lake
Swamp:4:  swamp
Spider:1: special_room, uniq_kirke
Spider:2: spider_trap
Spider:4: spider_rune_water, nicolae_orb_island, uniq_mara
Orc:1:    uniq_nergalle
Orc:2:    st_orc_rangers
Vaults:1: nicolae_vaults_back_hallway, nicolae_vaults_shelves_hall,
          ontoclasm_vaults_gateway, hangedman_vaults_capsules,
          nicolae_vaults_angled_halls, ontoclasm_vaults_chip, st_cross,
          nicolae_vaults_rhombus_5, vaults_room_semicircle, uniq_nikola
Vaults:2: hangedman_vaults_corner, vaults_dpeg_doors, vaults_dpeg_cross,
          nicolae_vaults_theta, ontoclasm_vaults_bender, ontoclasm_vaults_idyll,
          nicolae_vaults_arrows, uniq_bai_suzhen, uniq_xtahua
Vaults:3: hangedman_vaults_slice, nicolae_vaults_know_your_exits,
          hangedman_vaults_unwind, v_alt_pattern_5,
          nicolae_vaults_little_squares_3, minmay_crypt_entry_simple_box,
          nicolae_vaults_sealed_display, hangedman_vaults_restitches,
          vaults_mumra_hex, grunt_vaults_bifocal, serial_shops,
          nicolae_shop_statue_plus
Vaults:4: hangedman_vaults_pinch, ontoclasm_vaults_eye, v_alt_pattern_4,
          nicolae_vaults_little_squares_6, ontoclasm_vaults_ligature,
          vaults_dpeg_encased_lava, v_misc_1, vaults_room_semicircle,
          nicolae_vaults_three_branches, v_rooms_1, ontoclasm_vaults_fault,
          v_misc_17, hangedman_vaults_restitches, serial_shops,
          nicolae_shop_behind_doors
Depths:1: pf_coc_iceberg, wad_floor_pattern_untrapped,
          hangedman_abyss_or_decor_lesser_grid, nicolae_twisting_strands,
          evilmike_ruin_ashenzari
Depths:2: hangedman_stitches_corridor, hangedman_abyss_entry_splay,
          minmay_crystal_water, hell_entry
Depths:3: grunt_arcs, enter_ziggurat_c, grunt_pan_entry_zigzag,
          abyss_entry_small_statue_room, pf_hell_entry_tar_spiral, uniq_aizul
Depths:4: minmay_expanding_squares, abyss_entry,
          hangedman_abyss_or_decor_jellyfish_corner, grunt_hell_entry_dis_mu,
          fountainhead, uniq_margery
Depths:5: grunt_crosshair, serial_shops, nicolae_shop_behind_doors,
          nicolae_shop_statue_plus, shop_statue, nicolae_shop_statue_plus,
          minmay_room_of_horrors, hell_entry, minmay_misc_feat_encased,
          grunt_megastairs_2, uniq_jory
Zot:1:    basic_loot_grate_trap
Zot:4:    st_single_dragon_hoard_2, grunt_ministairs_6, stair_cage_line,
          bh_zot_lava_cross, grunt_megastairs_1
Zot:5:    nicolae_zot_crop_circle
Abyss:1:  evilmike_abyss_exit_16
Abyss:3:  dshaligram_kb_abyss_rune_zappy_water_cross, evilmike_abyss_exit_16,
          evilmike_abyss_rune_siren_acolytes, evilmike_abyss_exit_10
Abyss:4:  evilmike_nicolae_abyss_rune_containment_curve,
          evilmike_abyss_exit_glass, nicolae_abyss_rune_left_handed
Sewer:    sewer_kobolds
Volcano:  volcano_caves

Skill      XL: |  1  2  3  4  5  6  7  8  9 10 11 12 13 14 15 16 17 18 19 20 21 22 23 24 25 |
---------------+----------------------------------------------------------------------------+-----
Unarmed Combat | 3 5 6 7 9 10 11 13 15 16 17 18 19 20 21 22 23 24 | 24.4
Fighting       | 4 5 6 7 9 11 13 14 16 17 18 19 20 21 22 23 | 23.3
Invocations    | 3 5 8 9 11 12 13 14 15 16 | 16.1
Dodging        | 2 4 5 6 8 9 10 11 13 14 15 | 15.6
Armour         | 2 3 4 5 6 7 8 |  8.3
Stealth        | 3 4 5 8 9 |  9.1
Necromancy     | 2 3 |  3.0
Air Magic      | 3 |  3.7
Charms         | 4 |  4.2
Shields        | 2 4 7 11 14 15 | 15.0

Action                   |  1- 3 |  4- 6 |  7- 9 | 10-12 | 13-15 | 16-18 | 19-21 | 22-24 | 25-27 || total
-------------------------+-------+-------+-------+-------+-------+-------+-------+-------+-------++-------
Melee: Unarmed           |   125 |   155 |   415 |   874 |  1635 |  1697 |  2109 |  1579 |    84 ||  8673
       Punch             |       |     2 |     9 |    51 |    83 |       |       |       |       ||   145
 Fire: Hunting sling     |    10 |    50 |    19 |       |       |       |       |       |       ||    79
Throw: Javelin           |       |       |    16 |    37 |     9 |    10 |     6 |     3 |       ||    81
       Throwing net      |       |       |       |       |     1 |       |       |     2 |       ||     3
 Cast: Animate Skeleton  |       |       |       |     3 |       |    13 |       |       |       ||    16
       Repel Missiles    |       |       |       |     1 |    16 |     6 |     6 |       |       ||    29
Invok: Bend Space        |       |       |     2 |       |       |       |     1 |     3 |     1 ||     7
       Banish            |       |       |     5 |    14 |    28 |    10 |    16 |    23 |       ||    96
       Corrupt           |       |       |       |       |     2 |     5 |     2 |     3 |       ||    12
       Depart the Abyss  |       |       |       |       |       |       |     1 |       |       ||     1
 Abil: Evoke Invisibilit |       |       |       |       |       |     1 |       |       |       ||     1
Evoke: Wand              |       |       |       |     1 |     2 |     7 |    18 |    26 |     6 ||    60
  Use: Scroll            |     3 |     1 |    10 |    10 |     6 |    18 |    14 |    16 |       ||    78
       Potion            |     1 |       |     2 |     3 |     6 |     8 |     2 |    17 |     3 ||    42
 Stab: Invisible         |     2 |       |       |       |       |     2 |       |       |       ||     4
       Distracted        |       |       |       |     2 |     1 |     9 |     7 |     5 |       ||    24
       Sleeping          |       |       |       |     2 |     2 |    11 |    13 |    13 |       ||    41
       Confused          |       |       |       |       |       |     4 |    13 |     8 |       ||    25
       Held in net/web   |       |       |       |       |       |       |       |     2 |       ||     2
  Eat: Chunk             |    14 |    21 |    30 |    59 |   135 |   171 |   121 |   150 |       ||   701
       Meat ration       |       |       |       |     2 |       |     1 |     1 |     6 |     2 ||    12
       Royal jelly       |       |       |       |       |       |       |     1 |       |       ||     1
Armor: Leather armour    |    28 |       |       |    26 |       |       |       |       |       ||    54
       Robe              |       |    41 |    13 |    11 |       |       |       |       |       ||    65
       Scale mail        |       |       |   141 |    25 |       |       |       |       |       ||   166
       Ring mail         |       |       |       |   269 |   669 |   779 |   478 |   344 |     8 ||  2547
Dodge: Dodged            |    64 |    74 |   145 |   391 |   756 |   964 |   667 |   572 |    26 ||  3659
       Deflected         |       |       |       |       |    33 |     9 |    10 |       |       ||    52
Block: Buckler           |       |       |       |       |   104 |   270 |       |       |       ||   374
       Shield            |       |       |       |       |       |   156 |   968 |   874 |    48 ||  2046
